 Dungeon Crawl Stone Soup version 0.22-a0-587-g7d32d7c7ae (webtiles) character file.

5210 D1HalberdGnoll the Merchant of Misery (level 10, -4/60 HPs)
             Began as a Deep Elf Necromancer on July 3, 2018.
             Was a Believer of Kikubaaqudgha.
             Slain by a wight
             ... wielding a +2 long sword
              (6 damage)
             ... on level 8 of the Dungeon on July 4, 2018.
             The game lasted 00:29:35 (15658 turns).

D1HalberdGnoll the Merchant of Misery (DENe)       Turns: 15658, Time: 00:29:36

Health: -4/60      AC:  7    Str: 10    XL:     10   Next: 35%
Magic:  21/25      EV: 10    Int: 23    God:    Kikubaaqudgha [**....]
Gold:   17         SH:  3    Dex: 15    Spells: 10/28 levels left

rFire    + . .     SeeInvis .   r - +3 dagger (venom)
rCold    + . .     Gourm    .   y - +0 buckler
rNeg     . . .     Faith    .   B - +1 robe "Cyatas" {rElec Str+4}
rPois    .         Spirit   .   (no helmet)
rElec    +         Reflect  .   C - scarf {rC+ rF+}
rCorr    .         Harm     .   x - +2 pair of gloves
MR       ++...                  (no boots)
Stlth    +.........             (no amulet)
HPRegen  0.20/turn              (no ring)
MPRegen  0.19/turn              (no ring)

@: berserk cooldown, very slightly contaminated, slowed, extremely drained, very
slow
A: magic resistance 1, shaggy fur 1
a: Receive Corpses, Renounce Religion


You were on level 8 of the Dungeon.
You worshipped Kikubaaqudgha.
Kikubaaqudgha was pleased with you.
You were near starving.

You visited 2 branches of the dungeon, and saw 10 of its levels.

You collected 17 gold pieces.

Inventory:

Hand Weapons
 r - a +3 dagger of venom (weapon)
Armour
 x - a +2 pair of gloves (worn)
 y - a +0 buckler (worn)
 B - the +1 robe "Cyatas" (worn) {rElec Str+4}
   (You found it on level 6 of the Dungeon)

   It affects your strength (+4).
   It insulates you from electricity.
 C - a scarf of resistance (worn)
Wands
 e - a wand of polymorph (10)
 A - a wand of paralysis (3)
Scrolls
 b - a scroll of fog {unknown}
 d - 6 scrolls of identify
 g - 2 scrolls of enchant armour
 i - 2 scrolls of teleportation
 t - 2 scrolls of remove curse
 u - a scroll of enchant weapon
 z - a scroll of amnesia
Potions
 f - a potion of haste
 h - 3 potions of flight
 j - 3 potions of curing
 k - a potion of resistance
 n - a potion of heal wounds
 q - 5 potions of magic
 s - 2 potions of might
 w - a potion of brilliance
Comestibles
 c - 8 rations


   Skills:
 + Level 5.6(0.0) Fighting
 - Level 7.1(0.0) Dodging
 - Level 2.4(0.0) Stealth
 + Level 3.1(0.0) Shields
 + Level 9.5(0.0) Spellcasting
 * Level 3.7(0.0) Hexes
 - Level 11.8(1.8) Necromancy


You had 10 spell levels left.
You knew the following spells:

 Your Spells              Type           Power        Failure   Level  Hunger
a - Pain                  Necr           #...         12%         1    ##.....
b - Vampiric Draining     Necr           #.........   36%         3    ####...
c - Regeneration          Chrm/Necr      #.........   47%         3    ####...
d - Animate Dead          Necr           N/A          77%         4    #####..
e - Confuse               Hex            #.......     61%         3    ####...
f - Tukima's Dance        Hex            #.......     61%         3    ####...
s - Animate Skeleton      Necr           N/A          12%         1    ##.....

Your spell library contained the following spells:

 Spells                   Type           Power        Failure   Level  Hunger
 Sublimation of Blood     Necr           #.........   19%         2    ###....
 Corpse Rot               Necr           N/A          19%         2    ###....
 Ensorcelled Hibernation  Hex/Ice        #.....       36%         2    ###....
 Corona                   Hex            #......      26%         1    ##.....
 Dazzling Spray           Conj/Hex       #.....       61%         3    ####...


Dungeon Overview and Level Annotations

Branches:
Dungeon (9/15)             Temple (1/1) D:4            Lair (0/6) D:9
    Orc: D:9-12

Altars:
Ashenzari
Cheibriados
Dithmenos
Elyvilon
Fedhas
Gozag
Hepliaklqana
Kikubaaqudgha
Makhleb
Nemelex Xobeh
Okawaru
Qazlal
Ru
Sif Muna
Trog
Uskayaw
Vehumet
Wu Jian
Xom
Yredelemnul
Zin
The Shining One

Annotations:
D:2 exclusion: 2 downstairs
D:9 Maurice


Innate Abilities, Weirdness & Mutations

You are resistant to hostile enchantments. (MR+)
You are covered in fur. (AC +1)


Message History

You hit the wight.
The wight is almost destroyed.
The wight hits you with an enchanted long sword.
* * * LOW HITPOINT WARNING * * *
The wight hits you with an enchanted long sword.
* * * LOW HITPOINT WARNING * * *
You barely miss the wight.
The wight is almost destroyed.
You block the wight's attack.
You barely miss the wight.
The wight is almost destroyed.
The wight hits you with an enchanted long sword!
* * * LOW HITPOINT WARNING * * *
You hit the wight but do no damage.
The wight is almost destroyed.
The wight hits you with an enchanted long sword!
* * * LOW HITPOINT WARNING * * *
The wight hits you with an enchanted long sword.
You die...
Kikubaaqudgha rasps: "You have failed me!
Welcome... death!"

#...#..# ##...### ### ###.#..##
##.## ###...# ##.#
#.##..#####(.# #......#.....#
##...........## ###.....###..#
### ##### ##...####..## ##.##
#.(.## #z@...##...###...##
#....#########)[.....#.......#..
###.[..#[##....###........#..###
##..#.#.)...## ###.....###..##
###
###..#####.#####...#..####..#
..## #.z# #.......####..# ##.#
..<# ##z## ##.......# ##.## ##.
...## #..###..####..# #..## ##
..z.## #...##..## #..# ##..#


You could see a wight.

Vanquished Creatures
  Pikel (D:5)
  Grinder (D:5)
  A human (D:7)
  A yak (D:7)
  2 hogs (D:7)
  A steam dragon (D:8)
  Edmund (D:6)
  Duvessa (D:5)
  An orc warrior (D:5)
  A black bear (D:7)
  3 slaves (D:5)
  An ice beast (D:5)
  3 sky beasts
  2 ogres
  2 phantoms
  A centaur (D:6)
  2 bullfrogs
  2 big kobolds
  A gnoll sergeant (D:3)
  Dowan (D:5)
  4 scorpions
  A wyvern skeleton (D:8)
  9 killer bees
  9 wights (D:8)
  A howler monkey (D:6)
  2 crimson imps
  5 hounds
  A quasit (D:6)
  A bullfrog zombie (D:5)
  A jelly (D:4)
  3 orc priests
  Terence (D:2)
  3 orc wizards
  2 centaur skeletons
  3 iguanas
  10 worker ants
  A worker ant zombie (D:8)
  A howler monkey zombie (D:9)
  7 adders
  6 gnolls
  A shadow imp (D:8)
  2 worms
  3 leopard geckos
  33 orcs
  8 giant cockroaches
  5 goblins
  7 hobgoblins
  6 jackals
  13 kobolds
  7 quokkas
  7 bats
  A leopard gecko skeleton (D:8)
  5 rats
198 creatures vanquished.

Vanquished Creatures (collateral kills)
  A hog (D:7)
  2 wights (D:8)
  A crimson imp (D:6)
  An orc (D:3)
  A hobgoblin (D:3)
6 creatures vanquished.

Vanquished Creatures (others)
  A slave (D:7)
  2 dancing weapons (D:8)
  A worker ant (D:7)
  2 jackals (D:7)
6 creatures vanquished.

Grand Total: 210 creatures vanquished

Notes
Turn   | Place    | Note
-------+----------+-------------------------------------------
     0 | D:1      | D1HalberdGnoll the Deep Elf Necromancer began the quest for the Orb.
     0 | D:1      | Reached XP level 1. HP: 10/10 MP: 6/6
    83 | D:1      | Reached skill level 5 in Necromancy
   352 | D:1      | Reached XP level 2. HP: 16/16 MP: 6/8
   817 | D:1      | Reached XP level 3. HP: 16/20 MP: 3/9
  1375 | D:2      | Learned a level 3 spell: Vampiric Draining
  1656 | D:2      | Reached skill level 1 in Fighting
  2164 | D:2      | Reached XP level 4. HP: 22/25 MP: 8/11
  2419 | D:3      | Noticed Terence
  2514 | D:2      | Killed Terence
  2609 | D:3      | Reached skill level 6 in Necromancy
  2613 | D:3      | Learned a level 1 spell: Animate Skeleton
  2662 | D:3      | Reached XP level 5. HP: 19/29 MP: 0/13
  3046 | D:3      | Learned a level 3 spell: Regeneration
  3777 | D:4      | Reached XP level 6. HP: 31/35 MP: 8/14
  4096 | D:4      | Noticed Sigmund
  4259 | D:4      | Reached skill level 7 in Necromancy
  4403 | D:4      | Reached skill level 5 in Spellcasting
  4450 | D:4      | Found a staircase to the Ecumenical Temple.
  4640 | Temple   | Entered the Ecumenical Temple
  4860 | Temple   | Became a worshipper of Kikubaaqudgha
  4931 | D:5      | Entered Level 5 of the Dungeon
  5008 | D:5      | Reached XP level 7. HP: 26/40 MP: 6/16
  5566 | D:5      | Reached skill level 5 in Dodging
  5566 | D:5      | Reached skill level 8 in Necromancy
  5894 | D:5      | Learned a level 4 spell: Animate Dead
  6079 | D:5      | Noticed Grinder
  6091 | D:5      | Killed Grinder
  6091 | D:5      | Reached XP level 8. HP: 32/46 MP: 17/19
  6264 | D:5      | Noticed Duvessa
  6275 | D:5      | Killed Duvessa
  6295 | D:5      | Noticed Dowan
  6326 | D:5      | Killed Dowan
  6437 | D:5      | Reached skill level 9 in Necromancy
  6791 | D:5      | Reached * piety under Kikubaaqudgha
  6791 | D:5      | Identified Kikubaaqudgha's Compendium of Darkness (Kikubaaqudgha gifted it to you on level 5 of the Dungeon)
  6791 | D:5      | Received a gift from Kikubaaqudgha
  7283 | D:5      | Noticed Pikel
  7298 | D:5      | Killed Pikel
  7509 | D:6      | Noticed Edmund
  7596 | D:6      | Killed Edmund
  7596 | D:6      | Reached skill level 10 in Necromancy
  7741 | D:6      | Got a faintly humming robe
  7765 | D:6      | Reached XP level 9. HP: 38/52 MP: 22/22
  7944 | D:6      | Found a snail-covered altar of Cheibriados.
  8281 | D:6      | Identified the +1 robe "Cyatas" {rElec Str+4} (You found it on level 6 of the Dungeon)
  8947 | D:4      | Found a staircase to the Ecumenical Temple.
  9423 | D:4      | Noticed Sigmund
  9423 | D:4      | Sigmund changed into Sigmund the jelly
  9429 | D:4      | Killed Sigmund the jelly
 10627 | D:7      | Reached skill level 1 in Shields
 10632 | D:7      | Reached skill level 11 in Necromancy
 10776 | D:7      | Upgraded the game from 0.22-a0-580-gd5db89c09a to 0.22-a0-587-g7d32d7c7ae
 10936 | D:7      | Reached skill level 5 in Fighting
 12255 | D:8      | Reached XP level 10. HP: 59/59 MP: 17/24
 12294 | D:8      | Reached ** piety under Kikubaaqudgha
 12727 | D:8      | Learned a level 3 spell: Confuse
 12731 | D:8      | Learned a level 3 spell: Tukima's Dance
 12763 | D:8      | Reached skill level 1 in Hexes
 14836 | D:9      | Noticed Maurice
 15006 | D:9      | Found a staircase to the Lair.
 15298 | D:8      | Gained mutation: You are resistant to hostile enchantments. (MR+) [potion of mutation]
 15298 | D:8      | Gained mutation: You are covered in fur. (AC +1) [potion of mutation]
 15658 | D:8      | HP: 2/60 [wight/enchanted long sword (7)]
 15658 | D:8      | Slain by a wight

Vault maps used:
D:1:      dpeg_arrival_rooms_a, serial_glass, glass_columns_a, glass_columns_a
D:2:      supply_closet_lemuel, hex_tiny
D:3:      uniq_terence
D:4:      minmay_temple_entry_nine_rooms, uniq_sigmund
D:5:      first_ration, serial_co_window_serial, co_window_corner_a,
          co_window_paths_b, co_window_paths_a, co_window_paths_b,
          co_window_of_opportunity_a, co_window_paths_b, co_window_paths_a,
          co_window_corner_a, co_window_corner_a, co_window_unsneaky_path_d,
          co_window_broadway_c, co_window_broadway_c, co_window_broadway_b,
          co_window_paths_c, co_window_unsneaky_path_b, co_window_paths_c,
          glass_columns_c, glass_columns_a, glass_columns_a, glass_columns_a,
          uniq_duvessa, uniq_pikel, uniq_grinder
D:6:      lemuel_crystal_altar, uniq_edmund
D:7:      grunt_livestock
D:9:      lair_entry_dummy, st_stairs_13, uniq_maurice
Temple:   nicolae_temple_the_god_donut

Skill      XL: |  1  2  3  4  5  6  7  8  9 10 |
---------------+-------------------------------+-----
Necromancy     | 5 6 7 8 10 11 | 11.8
Dodging        | 3 4 5 6 7 |  7.1
Fighting       | 1 2 3 4 5 |  5.6
Spellcasting   | 4 5 6 7 8 9 |  9.5
Shields        | 2 3 |  3.1
Hexes          | 3 |  3.7
Stealth        | |  2.4

Action                   |  1- 3 |  4- 6 |  7- 9 | 10-12 || total
-------------------------+-------+-------+-------+-------++-------
Melee: Whip              |     3 |       |    20 |       ||    23
       Dagger            |       |       |   128 |   234 ||   362
 Cast: Pain              |    67 |   100 |   215 |    44 ||   426
       Vampiric Draining |       |     8 |    47 |     8 ||    63
       Animate Skeleton  |       |     5 |    26 |       ||    31
       Regeneration      |       |     4 |     5 |     9 ||    18
       Tukima's Dance    |       |       |       |    10 ||    10
Evoke: Wand              |       |       |    16 |    21 ||    37
  Use: Potion            |     1 |       |     3 |    12 ||    16
       Scroll            |       |     2 |     6 |       ||     8
 Stab: Distracted        |       |       |     1 |       ||     1
       Paralysed         |       |       |       |     5 ||     5
       Sleeping          |       |       |       |     1 ||     1
  Eat: Chunk             |     3 |    10 |    15 |       ||    28
       Ration            |       |       |     3 |     3 ||     6
Armor: Robe              |     8 |     2 |    31 |    49 ||    90
       Leather armour    |       |       |    34 |       ||    34
Dodge: Dodged            |    25 |    22 |   172 |   138 ||   357
Block: Buckler           |       |       |    16 |    37 ||    53

Table legend:
 A = Spawn XP
 B = Non-spawn XP
 C = Spawn XP percentage of total XP
 D = Spawn monster count
 E = Non-spawn monster count
 F = Spawn count percentage of total count
 G = Total turns spent on level
                    A         B        C        D         E        F      G
               +---------+---------+-------+---------+---------+-------+---------
         Total |       0 |    7443 |   0.0 |       0 |     201 |   0.0 | 15658
               +---------+---------+-------+---------+---------+-------+---------
           D:1 |       0 |      51 |   0.0 |       0 |      22 |   0.0 |  1233
           D:2 |       0 |      94 |   0.0 |       0 |      15 |   0.0 |  1622
           D:3 |       0 |     291 |   0.0 |       0 |      34 |   0.0 |   912
           D:4 |       0 |     531 |   0.0 |       0 |      15 |   0.0 |  2073
           D:5 |       0 |    1793 |   0.0 |       0 |      30 |   0.0 |  2940
           D:6 |       0 |     754 |   0.0 |       0 |      15 |   0.0 |  1165
           D:7 |       0 |    1663 |   0.0 |       0 |      22 |   0.0 |  2006
           D:8 |       0 |    1767 |   0.0 |       0 |      38 |   0.0 |  2966
           D:9 |       0 |     499 |   0.0 |       0 |      10 |   0.0 |   508
               +---------+---------+-------+---------+---------+-------+---------
